 Dungeon Crawl Stone Soup version 0.24-b1-30-g840c9efd86 (webtiles) character file.

Game seed: 18198389431833975330, levelgen mode: deterministic

194 Mesmaeker13 the Shield-Bearer (level 5, 0/46 HPs)
             Began as a Demigod Fighter on Oct 24, 2019.
             Killed from afar by an orc wizard (7 damage)
             ... with a puff of flame
             ... on level 3 of the Dungeon.
             The game lasted 00:03:14 (2299 turns).

Mesmaeker13 the Shield-Bearer (Demigod Fighter)     Turns: 2299, Time: 00:03:14

Health: 0/46       AC: 10    Str: 21    XL:     5   Next: 20%
Magic:  7/7        EV:  5    Int: 12    God:
Gold:   76         SH: 10    Dex: 15    Spells: 4/4 levels left

rFire    . . .     SeeInvis .   a - +0 long sword
rCold    . . .     Gourm    .   c - +0 shield
rNeg     . . .     Faith    .   i - +0 chain mail
rPois    .         Spirit   .   m - +0 helmet
rElec    .         Reflect  .   (no cloak)
rCorr    .         Harm     .   (no gloves)
MR       .....                  (no boots)
Stlth    ..........             (no amulet)
HPRegen  0.15/turn              (no ring)
MPRegen  0.10/turn              (no ring)

@: no status effects
A: high mp 1
a: no special abilities


You were on level 3 of the Dungeon.
You were hungry.

You visited 1 branch of the dungeon, and saw 4 of its levels.

You collected 76 gold pieces.

Inventory:

Hand Weapons
 a - a +0 long sword (weapon)
Missiles
 b - 11 boomerangs (quivered)
Armour
 c - a +0 shield (worn)
 i - a +0 chain mail (worn)
 m - a +0 helmet (worn)
Scrolls
 g - a scroll of fear {unknown}
 k - 2 scrolls of teleportation
 l - 2 scrolls of amnesia
 o - 2 scrolls of magic mapping {unknown}
 p - a scroll of remove curse {unknown}
Potions
 d - a potion of might
 e - 2 potions of curing
 j - a potion of magic
 n - a potion of brilliance {unknown}
 q - a potion of haste {unknown}
Comestibles
 f - 6 rations


   Skills:
 + Level 3.6 Fighting
 + Level 3.0 Long Blades
 + Level 3.5 Armour
 + Level 3.6 Shields


You had 4 spell levels left.
You didn't know any spells.
Your spell library was empty.

Dungeon Overview and Level Annotations

Branches:
Dungeon (4/15)
 Temple: D:4-7


Innate Abilities, Weirdness & Mutations

You have an increased reservoir of magic. (+10% MP)


Message History

You completely miss something. Something hits you but does no damage.
You miss something. Something hits you.
You miss something. Something hits you.
The orc priest mumbles some strange prayers to Beogh against you.
Beogh smites you! Something hits you but does no damage.
Items here: ( ))) 2 stones; a +0 short sword; a +0 club x2
You see here 2 stones.
Items here: ( ))) 2 stones; a +0 short sword; a +0 club x2
Something hits you but does no damage.
The orc priest invokes the aid of Beogh against you.
Beogh smites you!
* * * LOW HITPOINT WARNING * * *
There is a stone staircase leading down here.
You hear some strange, mumbled words.
A puff of flame appears from out of thin air!
The puff of flame hits you!
You die...

#.......##.#..# #.#
#.......##.#..# #.#
#.......##.#..# #.#
#####.......##.#..##
#.#
....'..............#
#.#
#####.......##.#...#
#.#
##########.#...####.#
#########.#...##...#
.......ooo{@.###.###
#########(#..# #.#
#.######(#..# #.#
#.)....(.######.#
#.#.............#
#.#.#.###########
#.#.#......#
#.#.#.####.# .#.#
#.#.#.# #.#


You could see an orc priest and 2 orcs.

Vanquished Creatures
  A jelly (D:3)
  An orc priest (D:3)
  Terence (D:2)
  5 adders
  An ooze (D:1)
  A worm (D:2)
  3 dart slugs
  2 leopard geckos
  An orc (D:3)
  A ball python (D:2)
  2 giant cockroaches
  7 goblins
  8 hobgoblins
  3 bats
  4 frilled lizards
  4 kobolds
  7 rats
52 creatures vanquished.

Notes
Turn   | Place    | Note
-------+----------+-------------------------------------------
     0 | D:1      | Mesmaeker13 the Demigod Fighter began the quest for the
                  | Orb.
     0 | D:1      | Reached XP level 1. HP: 18/18 MP: 3/3
   133 | D:1      | Reached XP level 2. HP: 21/25 MP: 4/4
   440 | D:1      | Reached XP level 3. HP: 27/31 MP: 5/5
   650 | D:2      | You fall into a shaft and drop 2 floors!
   980 | D:2      | Reached XP level 4. HP: 29/38 MP: 6/6
  1135 | D:2      | Noticed Terence
  1149 | D:2      | Killed Terence
  1986 | D:3      | Reached XP level 5. HP: 35/46 MP: 7/7
  2299 | D:3      | Killed from afar by an orc wizard

Skill      XL: |  1  2  3  4 |
---------------+-------------+-----
Long Blades    | 2 3 |  3.0
Fighting       | 3 |  3.6
Armour         | 3 |  3.5
Shields        | 3 |  3.6

Action                   |  1- 3 |  4- 6 || total
-------------------------+-------+-------++-------
Melee: Long sword        |   122 |    86 ||   208
Throw: Boomerang         |       |     1 ||     1
  Use: Scroll            |     1 |     3 ||     4
  Eat: Chunk             |       |     4 ||     4
Armor: Scale mail        |    14 |       ||    14
       Chain mail        |    47 |    46 ||    93
Dodge: Dodged            |    32 |    16 ||    48
Block: Shield            |    60 |    36 ||    96
       Rpst.: Long sword |     8 |     5 ||    13
